 Dungeon Crawl Stone Soup version 0.20-a0-927-g1ae2c61 (webtiles) character file.

166 galech the Ruffian (level 5, -2/50 HPs)
             Began as a Troll Monk on Mar 28, 2017.
             Slain by an ogre
             ... wielding a +0 giant club
              (17 damage)
             ... on level 4 of the Dungeon.
             The game lasted 00:02:15 (1716 turns).

galech the Ruffian (Troll Monk)                     Turns: 1716, Time: 00:02:15

Health: -2/50      AC:  5    Str: 20    XL:     5   Next: 22%
Magic:  4/4        EV: 11    Int:  6    God:
Gold:   130        SH:  0    Dex: 12    Spells: 4/4 levels left

rFire    . . .     SeeInvis .     - Unarmed
rCold    . . .     Gourm    +   (no shield)
rNeg     . . .     Faith    .   a - +0 robe
rPois    .         Spirit   .   (helmet restricted)
rElec    .         Reflect  .   (no cloak)
rCorr    .         Harm     .   (gloves unavailable)
MR       .....                  (boots unavailable)
Stlth    ++........             (no amulet)
Regen    0.6/turn               (no ring)
MPRegen  0.1/turn               (no ring)

@: no status effects
A: unfitting armour, claws 3, fast metabolism 3, gourmand, regeneration 1,
shaggy fur 1, tough skin 2
a: no special abilities


You were on level 4 of the Dungeon.
You were completely stuffed.

You visited 1 branch of the dungeon, and saw 4 of its levels.

You collected 130 gold pieces.

Inventory:

Armour
 a - a +0 robe (worn)
Scrolls
 c - 2 scrolls of recharging {unknown}
 i - a scroll of random uselessness {unknown}
 j - 4 scrolls of teleportation {unknown}
 l - a scroll of fear {unknown}
 o - a scroll of magic mapping {unknown}
 p - a scroll of identify {unknown}
 q - a scroll of blinking {unknown}
Potions
 e - a potion of cancellation {unknown}
 g - a potion of resistance {unknown}
 k - a potion of might {unknown}
 n - a potion of lignification {unknown}
Comestibles
 b - 4 bread rations
 d - a meat ration
 f - a royal jelly
 h - 2 fruits


   Skills:
 + Level 2.7 Fighting
 + Level 3.4 Dodging
 + Level 1.5 Stealth
 + Level 4.4 Unarmed Combat


You had 4 spell levels left.
You didn't know any spells.

Dungeon Overview and Level Annotations

Branches:
Dungeon (4/15)
 Temple: D:4-7

Altars:
Dithmenos


Innate Abilities, Weirdness & Mutations

You are too large for most types of armour.
You have claws for hands.
Your metabolism is lightning-fast.
You like to eat raw meat.
Your natural rate of healing is unusually fast.
You are covered in fur. (AC +1)
You have very tough skin. (AC +2)


Message History

The hound bites you but does no damage.
You barely miss the hound.
The hound is almost dead.
The hound barely misses you. x2
You claw the hound!
You kill the hound!
An ogre comes into view. It is wielding a giant club.
You hear the slow rusting of a very distant drain.
The ogre shouts!
The ogre hits you with a giant club!
You scratch the ogre.
The ogre is lightly wounded.
The ogre hits you with a giant club!!
* * * LOW HITPOINT WARNING * * *
You claw the ogre!
The ogre is severely wounded.
You scratch the ogre.
The ogre is almost dead.
The ogre hits you with a giant club!
You die...

#......#
##.###>.
#.######
##...##
#.#
#####
#.# #.#
#.# #.#
#.# #@#
#O# #.#
... #.#
#.# #.#
#.#


You could see an ogre.

Vanquished Creatures
  A bullfrog (D:3)
  A hound (D:4)
  2 adders
  5 worms
  A dart slug (D:3)
  2 leopard geckos
  6 bats
  2 giant cockroaches
  4 hobgoblins
  A quokka (D:4)
  2 frilled lizards (D:2)
  7 goblins
  3 kobolds
  3 rats
40 creatures vanquished.

Notes
Turn   | Place    | Note
-------+----------+-------------------------------------------
     0 | D:1      | galech the Troll Monk began the quest for the Orb.
     0 | D:1      | Reached XP level 1. HP: 22/22 MP: 0/0
   516 | D:2      | Reached XP level 2. HP: 25/29 MP: 1/1
   651 | D:2      | Reached XP level 3. HP: 25/36 MP: 2/2
   949 | D:2      | Found a shadowy altar of Dithmenos.
  1336 | D:3      | Reached XP level 4. HP: 44/44 MP: 3/3
  1337 | D:3      | Noticed a bullfrog
  1348 | D:3      | Killed a bullfrog
  1348 | D:3      | Reached skill level 4 in Unarmed Combat
  1697 | D:4      | Reached XP level 5. HP: 50/50 MP: 4/4
  1711 | D:4      | Noticed an ogre
  1716 | D:4      | Slain by an ogre

Vault maps used:
D:1:      evilmike_arrival_crescent
D:2:      lemuel_doored_altar, kennysheep_doodads, minivault_25
D:4:      first_bread, portal_sewer_entry_e, uniq_sigmund,
          uniq_crazy_yiuf_cottage, uniq_edmund

Skill      XL: |  1  2  3  4 |
---------------+-------------+-----
Dodging        | 3 |  3.4
Unarmed Combat | 4 |  4.4
Fighting       | |  2.7
Stealth        | |  1.5

Action                   |  1- 3 |  4- 6 || total
-------------------------+-------+-------++-------
Melee: Unarmed           |    95 |    22 ||   117
       Punch             |       |     1 ||     1
 Stab: Sleeping          |     4 |     2 ||     6
  Eat: Chunk             |    16 |     5 ||    21
Armor: Robe              |    21 |     7 ||    28
Dodge: Dodged            |    35 |     8 ||    43
